 Dungeon Crawl Stone Soup version 0.27-a0-789-g6bb3289e1e (webtiles) character file.

Game seed: 664120878729190288

7184 sizableburger the Fighter (level 11, -14/109 HPs)
             Began as a Djinni Warper on Mar 26, 2021.
             Was an Elder of Elyvilon.
             Demolished by a skeletal warrior
             ... wielding a +0 glaive
              (22 damage)
             ... on level 9 of the Dungeon.
             The game lasted 00:58:19 (18565 turns).

sizableburger the Fighter (Djinni Warper)          Turns: 18565, Time: 00:58:20

Health: -14/109    AC:  9    Str: 10    XL:     11   Next: 11%
Gold:   580        EV: 16    Int: 20    God:    Elyvilon [****..] SH:  0 Dex: 13

rFire    + + .     SeeInvis .   y - +2 flail
rCold    . . .     Faith    .   (no shield)
rNeg     . . .     Spirit   .   z - +0 steam dragon scales
rPois    ∞         Reflect  .   (no helmet)
rElec    .         Harm     .   k - +0 cloak
rCorr    .         Rampage  .   v - +1 pair of gloves {Stlth+}
Will     +....                  (boots unavailable)
Stlth    ..........             (no amulet)
HPRegen  0.28/turn              s - ring of protection from cold
MPRegen  0.00/turn              w - +4 ring of evasion

@: berserking, flying, very quick
A: fire resistance 2, cold vulnerability 1, float, innate caster, hp casting,
extra vitality 1, clever 1, deterioration 1, frail 1
a: Renounce Religion, Lesser Healing, Heal Other, Purification, Greater Healing,
Divine Protection


You were on level 9 of the Dungeon.
You worshipped Elyvilon.
Elyvilon was greatly pleased with you.
You visited 2 branches of the dungeon, and saw 10 of its levels.
You also visited: Sewer and Ossuary.

You collected 580 gold pieces.

Inventory:

Hand Weapons
 y - a +2 flail (weapon)
Missiles
 h - 15 boomerangs (quivered)
 n - 4 curare-tipped darts
Armour
 b - a +0 leather armour
 k - a +0 cloak (worn)
 r - the +0 kite shield of Starshine {Rampage Int+4 Dex+4}
   (You found it on level 7 of the Dungeon)

   It affects your intelligence (+4).
   It affects your dexterity (+4).
   It bestows one free step when moving towards enemies.
 v - a +1 pair of gloves of stealth (worn)
 z - +0 steam dragon scales (worn)
Jewellery
 s - a ring of protection from cold (right hand)
 w - a +4 ring of evasion (left hand)
 x - a ring of resist corrosion
 D - a ring of see invisible
Wands
 e - a wand of polymorph (1)
 C - a wand of charming (4)
Scrolls
 a - a scroll of amnesia {unknown}
 f - 2 scrolls of silence
 i - 2 scrolls of teleportation
 j - 2 scrolls of magic mapping
 l - a scroll of vulnerability
 p - 3 scrolls of identify
 A - a scroll of immolation
Potions
 c - a potion of lignification
 d - 2 potions of curing
 g - a potion of cancellation
 m - a potion of ambrosia
 o - 3 potions of might
 t - a potion of brilliance
 u - 2 potions of invisibility {unknown}
 B - 2 potions of attraction


   Skills:
 + Level 8.5 Fighting
 + Level 8.4 Maces & Flails
 - Level 0.7 Throwing
 - Level 3.8 Armour
 - Level 2.1 Dodging
 - Level 1.0 Stealth
 + Level 4.5 Shields
 + Level 5.9 Spellcasting
 - Level 5.0 Invocations
 - Level 3.2 Evocations


You couldn't memorise any spells.
You knew the following spells:

 Your Spells              Type           Power      Damage    Failure   Level
a - Blink                 Tloc           N/A        N/A       1%          2
b - Lesser Beckoning      Tloc           14%        N/A       2%          3
c - Gell's Gravitas       Tloc           14%        N/A       2%          3
d - Teleport Other        Tloc           29%        N/A       2%          3
e - Manifold Assault      Tloc           29%        N/A       26%         5
f - Foxfire               Conj/Fire      100%       2x1d9     1%          1
g - Searing Ray           Conj           58%        3d5       1%          2
h - Passwall              Tmut/Erth      24%        N/A       1%          2
i - Petrify               Tmut/Erth      29%        N/A       9%          4
j - Animate Dead          Necr           14%        N/A       9%          4
Your spell library was empty.

Dungeon Overview and Level Annotations

Branches:
Dungeon (9/15)             Temple (1/1) D:4            Lair (0/6) D:9
  Sewer (visited)         Ossuary (visited)
    Orc: D:9-12

Altars:
Cheibriados
Elyvilon
Fedhas
Gozag
Hepliaklqana
Kikubaaqudgha
Makhleb
Nemelex Xobeh
Ru
Sif Muna
Trog
Vehumet
Wu Jian
Zin
The Shining One


Innate Abilities, Weirdness & Mutations

You are immune to poison.
Your flesh is very heat resistant. (rF++)
You are vulnerable to cold. (rC-)
You float through the air rather than walking.
You learn spells naturally, not from books.
Your magical power is your life essence.
You have superior vitality. (+4 HP)
Your mind is acute. (Int +2)
Your body sometimes deteriorates upon taking damage.
You are frail. (-10% HP)


Message History

The kobold demonologist is almost dead.
The searing ray hits the skeletal warrior but does no damage.
The skeletal warrior is moderately damaged.
The searing ray hits the red devil.
The red devil is lightly wounded.
The searing ray hits the orc warrior!
The orc warrior is heavily wounded.
The skeletal warrior hits you from afar with a +0 glaive!
The kobold demonologist closely misses you.
Okay, then.
Okay, then.
A red film seems to cover your vision as you go berserk!
You feel yourself moving faster!
You feel mighty!
The skeletal warrior hits you from afar with a +0 glaive!!
* * * LOW HITPOINT WARNING * * *
The kobold demonologist mumbles some strange words.
You closely miss the kobold demonologist.
The kobold demonologist is almost dead.
You hit the kobold demonologist.
The kobold demonologist is almost dead.
The kobold demonologist casts a spell.
The skeletal warrior hits you from afar with a +0 glaive.
* * * LOW HITPOINT WARNING * * *
You closely miss the kobold demonologist.
The kobold demonologist is almost dead.
The skeletal warrior hits you from afar with a +0 glaive!!
* * * LOW HITPOINT WARNING * * *
The kobold demonologist gestures wildly while chanting.
You sock the kobold demonologist!
You kill the kobold demonologist!
The red devil disappears in a puff of smoke!
You feel your strength returning.
The skeletal warrior hits you with a +0 glaive!
Elyvilon protects you from harm!
Things that are here:
a +4 dagger; a +0 robe You closely miss the skeletal warrior.
The skeletal warrior is lightly damaged.
The skeletal warrior hits you with a +0 glaive!!
You die...

#.### #.# #### #.# #...
##########'###### ##.##
#...............###....
#...............#......
#.†#####........#.#....
#..#(#.#........#.#..†.
#..#.#@#........#.#....
#..#)#z#........'.#(...
#..#>#o#........###....
##.#.#Z#.######## #....
#.#)#.#.# #####
#.#(#.#.# #.#####.#
#.......# #########


You could see a skeletal warrior, an orc warrior and a centaur zombie.

Vanquished Creatures
  Pikel (D:4)
  A kobold demonologist (D:9)
  A wyvern (D:9)
  A wraith (D:7)
  6 yaks
  2 steam dragons
  Menkaure (D:7)
  2 water moccasins
  Duvessa (D:4)
  A black bear (D:4)
  4 orc warriors
  3 ice beasts
  4 ogres
  6 centaurs
  2 lemures (D:4)
  A gnoll sergeant (D:5)
  3 bullfrogs
  Dowan (D:4)
  20 killer bees
  5 wights (D:7)
  5 howler monkeys
  An electric eel (D:6)
  2 centaur zombies
  5 jellies
  2 bullfrog skeletons
  7 orc priests
  3 hounds
  4 iguanas
  Jessica (D:2)
  Natasha (thrice) (D:4)
  10 orc wizards
  A hound skeleton (D:5)
  2 mummies (Ossuary)
  8 gnolls (D:5)
  8 adders
  A shadow imp (D:5)
  2 white imps
  An ufetubus (D:6)
  An adder zombie (Ossuary)
  4 worms
  3 dart slugs
  31 orcs
  5 bats
  8 endoplasms
  8 giant cockroaches
  9 goblins
  8 hobgoblins
  16 jackals
  16 kobolds
  3 quokkas
  15 ball pythons
  9 frilled lizards
  5 goblin zombies (Ossuary)
  7 hobgoblin zombies (Ossuary)
  A jackal zombie (Ossuary)
  11 kobold zombies (Ossuary)
  9 orc zombies (Ossuary)
  6 rats
  A rat zombie (Ossuary)
308 creatures vanquished.

Vanquished Creatures (collateral kills)
  A foxfire (Sewer)
1 creature vanquished.

Vanquished Creatures (others)
  463 foxfires
  25 plants (Sewer)
488 creatures vanquished.

Grand Total: 797 creatures vanquished

Notes
Turn   | Place    | Note
-------+----------+-------------------------------------------
     0 | D:1      | sizableburger the Djinni Warper began the quest for the
                  | Orb.
     0 | D:1      | Reached XP level 1. HP: 18/18 MP: 0/0
   179 | D:1      | Reached XP level 2. HP: 11/23 MP: 0/0
   752 | D:1      | Reached XP level 3. HP: 7/29 MP: 0/0
   752 | D:1      | Learned a level 1 spell: Foxfire
  1960 | D:2      | Noticed an ogre
  1977 | D:2      | Killed an ogre
  1978 | D:2      | Reached XP level 4. HP: 11/37 MP: 0/0
  1978 | D:2      | Reached XP level 5. HP: 13/41 MP: 0/0
  1978 | D:2      | Learned a level 2 spell: Searing Ray
  2240 | D:2      | Noticed Jessica
  2263 | D:2      | Killed Jessica
  2719 | D:2      | Found a faded altar of an unknown god.
  3831 | D:3      | Found a hazy altar of Hepliaklqana.
  3831 | D:3      | Found a bloodstained altar of Trog.
  3837 | D:3      | Found a burning altar of Makhleb.
  3934 | D:3      | Found a glowing drain.
  4014 | Sewer    | Entered a sewer
  4296 | Sewer    | Reached XP level 6. HP: 39/47 MP: 0/0
  5171 | D:3      | Reached skill level 5 in Fighting
  5612 | D:4      | Noticed a black bear
  5634 | D:4      | Killed a black bear
  5635 | D:4      | Reached XP level 7. HP: 23/54 MP: 0/0
  5635 | D:4      | Learned a level 2 spell: Passwall
  5834 | D:4      | Noticed Natasha
  5840 | D:4      | Killed Natasha
  6784 | D:4      | Found a staircase to the Ecumenical Temple.
  6794 | Temple   | Entered the Ecumenical Temple
  6868 | Temple   | Became a worshipper of Elyvilon the Healer
  6891 | D:4      | Noticed Natasha
  6903 | D:4      | Killed Natasha
  7660 | D:5      | Entered Level 5 of the Dungeon
  7911 | D:4      | Noticed Duvessa
  7912 | D:4      | Noticed Dowan
  7921 | D:4      | Killed Dowan
  7922 | D:4      | Reached skill level 5 in Maces & Flails
  7927 | D:4      | Noticed Pikel
  7929 | D:4      | Killed Duvessa
  8170 | D:5      | Found a sand-covered staircase.
  8193 | Ossuary  | Entered an ossuary
  8475 | Ossuary  | Reached XP level 8. HP: 44/59 MP: 0/0
  9253 | D:4      | Killed Pikel
  9817 | D:4      | Noticed Natasha
  9825 | D:4      | Killed Natasha
 10060 | D:4      | Reached XP level 9. HP: 48/68 MP: 0/0
 10060 | D:4      | Learned a level 4 spell: Petrify
 10230 | D:4      | Reached * piety under Elyvilon
 10703 | D:5      | Reached skill level 1 in Invocations
 10703 | D:5      | Reached skill level 1 in Evocations
 12064 | D:6      | Reached ** piety under Elyvilon
 12653 | D:6      | Found an ornate altar of the Wu Jian Council.
 12677 | D:6      | Identified a scroll of acquirement
 12679 | D:6      | Acquired a +0 pair of gloves of stealth
 13725 | D:7      | Reached XP level 10. HP: 29/75 MP: 0/0
 13952 | D:7      | Gained mutation: You have a pair of small horns on your
                  | head. [potion of mutation]
 13952 | D:7      | Gained mutation: You are occasionally teleported next to
                  | monsters. [potion of mutation]
 13952 | D:7      | Gained mutation: You expend health (3 HP) to strengthen
                  | your wands. [potion of mutation]
 13953 | D:7      | Lost mutation: You expend health (3 HP) to strengthen your
                  | wands. [potion of mutation]
 13953 | D:7      | Lost mutation: You are occasionally teleported next to
                  | monsters. [potion of mutation]
 13953 | D:7      | Lost mutation: You have a pair of small horns on your head.
                  | [potion of mutation]
 13953 | D:7      | Gained mutation: You are frail. (-10% HP) [potion of
                  | mutation]
 13953 | D:7      | Gained mutation: Your muscles are strong. (Str +2) [potion
                  | of mutation]
 13953 | D:7      | Gained mutation: You expend health (3 HP) to strengthen
                  | your wands. [potion of mutation]
 13954 | D:7      | Lost mutation: You expend health (3 HP) to strengthen your
                  | wands. [potion of mutation]
 13954 | D:7      | Lost mutation: Your muscles are strong. (Str +2) [potion of
                  | mutation]
 13954 | D:7      | Gained mutation: Your body sometimes deteriorates upon
                  | taking damage. [potion of mutation]
 13954 | D:7      | Gained mutation: Your mind is acute. (Int +2) [potion of
                  | mutation]
 14246 | D:7      | Noticed Menkaure
 14546 | D:7      | Killed Menkaure
 14547 | D:7      | Reached skill level 1 in Stealth
 14547 | D:7      | Reached skill level 5 in Invocations
 14658 | D:7      | Identified the +0 kite shield of Starshine {Rampage Int+4
                  | Dex+4}
 14741 | D:7      | Reached skill level 1 in Shields
 15062 | D:7      | Reached *** piety under Elyvilon
 15375 | D:8      | Reached skill level 5 in Spellcasting
 16823 | D:8      | Found a sacrificial altar of Ru.
 17057 | D:9      | Found a staircase to the Lair.
 17058 | D:9      | Noticed a fire dragon
 17797 | D:9      | Reached **** piety under Elyvilon
 18348 | D:9      | Noticed a kobold demonologist
 18351 | D:9      | Noticed a skeletal warrior
 18395 | D:9      | Reached XP level 11. HP: 62/72 MP: 0/0
 18395 | D:9      | Learned a level 4 spell: Animate Dead
 18542 | D:9      | Identified the +8 arbalest of Exquisite Death {freeze,
                  | *Slow rF+ Int+5 Dex+8}
 18564 | D:9      | Elyvilon protects you from harm!
 18565 | D:9      | Demolished by a skeletal warrior

Illustrated notes

Levels and vault maps discovered:
D:1:      dpeg_arrival_connections, layout_basic, minmay_cut_off
D:2:      layout_basic, chequers_ecumenical_altar_simple_redux, uniq_jessica
D:3:      layout_loops_cross, minitemple, gup_sewer_entry_glass
D:4:      layout_basic, minmay_temple_entry_offerings, guppyfry_early_orc_mine,
          uniq_duvessa, uniq_natasha, uniq_pikel
D:5:      layout_basic, chequers_ossuary_entry_cave
D:6:      nicolae_whirlpool, layout_rooms, lemuel_round_altar,
          kennysheep_big_empty_room
D:7:      layout_rooms, uniq_menkaure
D:8:      layout_rooms, nicolae_ru_the_path_less_chosen,
          serial_co_window_serial, co_window_of_opportunity_a,
          co_window_paths_a, co_window_corner_a, co_window_corner_a,
          co_window_cross_1, co_window_broadway_c, co_window_corner_b,
          co_window_2corner, co_window_2corner, co_window_broadway_b,
          co_window_4corner_b, co_window_paths_d
D:9:      layout_roguey, okawaru_gym_becter, minmay_lair_entry_lava,
          orc_0_dummy, onia_ninara_dug_in_and_dangerous
Temple:   compressed_dpeg_circular_temple

Skill      XL: |  1  2  3  4  5  6  7  8  9 10 |
---------------+-------------------------------+-----
Maces & Flails | 2 3 4 5 6 7 8 |  8.4
Spellcasting   | 3 4 5 |  5.9
Fighting       | 3 4 5 7 8 |  8.5
Invocations    | 4 5 |  5.0
Evocations     | 3 |  3.2
Armour         | 3 |  3.8
Stealth        | 1 |  1.0
Shields        | 4 |  4.5
Throwing       | |  0.7
Dodging        | |  2.1

Action                   |  1- 3 |  4- 6 |  7- 9 | 10-12 || total
-------------------------+-------+-------+-------+-------++-------
Melee: Mace              |   129 |   167 |   190 |       ||   486
       Whip              |       |       |   183 |    45 ||   228
       Flail             |       |       |       |   153 ||   153
Throw: Boomerang         |     5 |       |     5 |       ||    10
 Cast: Blink             |     3 |     3 |    16 |     4 ||    26
       Foxfire           |     5 |    47 |   147 |    58 ||   257
       Searing Ray       |       |     4 |    19 |    16 ||    39
       Teleport Other    |       |       |     8 |       ||     8
       Passwall          |       |       |     3 |     2 ||     5
       Petrify           |       |       |     6 |    18 ||    24
       Manifold Assault  |       |       |       |     1 ||     1
Invok: Lesser Healing    |       |       |       |     4 ||     4
       Greater Healing   |       |       |       |     1 ||     1
Evoke: Wand              |       |       |     7 |    10 ||    17
  Use: Scroll            |     2 |     5 |    18 |     4 ||    29
       Potion            |       |     3 |     5 |     5 ||    13
 Stab: Sleeping          |       |     1 |     1 |     2 ||     4
       Petrified         |       |       |    13 |    33 ||    46
       Petrifying        |       |       |     1 |     2 ||     3
Armor: Leather armour    |    47 |    72 |   153 |       ||   272
       Steam dragon scal |       |       |    19 |    95 ||   114
Dodge: Dodged            |    98 |    96 |   311 |   236 ||   741
Block: Kite shield       |       |       |       |     1 ||     1

Table legend: (Time is in decaauts)
 A = Elapsed time spent in this place.
 B = Non-inter-level travel time spent in this place.
 C = Inter-level travel time spent in this place.
 D = Time resting spent in this place.
 E = Time spent auto-exploring this place.
 F = Levels seen in this place.
 G = Mean time per level.
                   A        B        C        D        E       F      G
               +--------+--------+--------+--------+--------+-----+--------+
         Total |  18655 |  18097 |    558 |   7793 |   6498 |  12 | 1554.6 |
       Dungeon |  16860 |  16316 |    544 |   7294 |   5981 |   9 | 1873.3 |
        Temple |     90 |     76 |     14 |     39 |     15 |   1 |   90.0 |
         Sewer |    918 |    918 |      0 |    209 |    407 |   1 |  918.0 |
       Ossuary |    787 |    787 |      0 |    251 |     95 |   1 |  787.0 |
               +--------+--------+--------+--------+--------+-----+--------+

Top non-repeatable levels by time:
     D:4: 3418 daAuts
     D:6: 2146 daAuts
     D:8: 2017 daAuts
     D:1: 2012 daAuts
     D:5: 1908 daAuts
     D:2: 1642 daAuts
     D:7: 1334 daAuts
     D:9: 1279 daAuts
     D:3: 1100 daAuts
   Sewer: 918 daAuts
 Ossuary: 787 daAuts
  Temple: 90 daAuts
